 Dungeon Crawl Stone Soup version 0.27.0-1-g7a089689b8 (webtiles) character file.

Game seed: 16332070103650846968

142825 inmateoo the Covert (level 17, -3/172 HPs)
             Began as a Gnoll Wanderer on Aug 2, 2021.
             Was the Champion of Cheibriados.
             Shot with a bolt by Vashnia (31 damage)
             ... on level 2 of the Snake Pit.
             The game lasted 00:31:46 (22291 turns).

inmateoo the Covert (Gnoll Wanderer)               Turns: 22291, Time: 00:31:47

Health: -3/172     AC: 31    Str: 25    XL:     17   Next: 36%
Magic:  24/32      EV: 25    Int: 39    God:    Cheibriados [******]
Gold:   2289       SH: 12    Dex: 29    Spells: 12/38 levels left

rFire    + . .     SeeInvis .     - Unarmed
rCold    + . .     Faith    .   e - +3 buckler "Camie" {rN+ rCorr}
rNeg     + + .     Spirit   .   (armour currently unavailable)
rPois    ∞         Reflect  .   B - +0 hat of Aclyufen {rF+ rC+ Int-2}
rElec    +         Harm     .   D - +1 cloak {rPois}
rCorr    +         Rampage  .   (gloves currently unavailable)
Will     ++...                  (boots currently unavailable)
Stlth    ++++++....             f - amulet of regeneration
HPRegen  1.38/turn              p - ring of willpower
MPRegen  0.23/turn              R - ring of Obajusuj {Wiz +Blink Int+8}

@: statue-form, very slow
A: slow and powerful, torment resistance 1, boosted hp, fangs 1, strong nose,
distributed training
a: End Transformation, Renounce Religion, Evoke Blink, Bend Time, Temporal
Distortion, Slouch, Step From Time


You were on level 2 of the Snake Pit.
You worshipped Cheibriados.
Cheibriados was exalted by your worship.
You were a living statue of rough stone.
You visited 5 branches of the dungeon, and saw 26 of its levels.
You also visited: Bailey, Gauntlet and Ice Cave.

You collected 4960 gold pieces.
You spent 2671 gold pieces at shops.

Inventory:

Hand Weapons
 t - the +11 trident "Varaorpho" {flame, Will- Str+3 Int+3 SInv}
   (You bought it in a shop on level 1 of the Dungeon)

   It burns those it strikes, dealing additional fire damage.
   Str:       It affects your strength (+3).
   Int:       It affects your intelligence (+3).
   SInv:      It lets you see invisible.
   Will:      It decreases your willpower.
Missiles
 y - 12 throwing nets (quivered)
 N - 10 javelins
Armour
 a - the +3 pair of gauntlets of War (melded) {Slay+5}
   (You bought it in a shop on level 5 of the Dungeon)

   Slay:      It affects your accuracy & damage with ranged weapons and melee
   (+5).
 e - the +3 buckler "Camie" (worn) {rN+ rCorr}
   (You found it on level 9 of the Dungeon)

   rN:        It protects you from negative energy.
   rCorr:     It protects you from acid and corrosion.
 m - the +0 ring mail of Tulips (melded) {rElec Regen+ Dex+3}
   (You found it on level 4 of the Dungeon)

   Dex:       It affects your dexterity (+3).
   rElec:     It insulates you from electricity.
   Regen:     It increases your rate of health regeneration.
 q - a +0 pair of boots of flying (melded)
 B - the +0 hat of Aclyufen (worn) {rF+ rC+ Int-2}
   (You acquired it on level 11 of the Dungeon)

   Int:       It affects your intelligence (-2).
   rF:        It protects you from fire.
   rC:        It protects you from cold.
 D - a +1 cloak of poison resistance (worn)
Jewellery
 f - an amulet of regeneration (around neck)
 p - a ring of willpower (left fist)
 z - the ring "Voul" {Fly rC+ rN+ Dex+4}
   (You found it on level 14 of the Dungeon)

   [ring of flight]

   Dex:       It affects your dexterity (+4).
   rC:        It protects you from cold.
   rN:        It protects you from negative energy.
   Fly:       It grants you flight.
 L - the ring of Jagaps {rF+ SInv}
   (You found it in an ice cave)

   [ring of protection from fire]

   rF:        It protects you from fire.
   SInv:      It lets you see invisible.
 P - the ring "Uwkivveg" {Wiz rElec rCorr Int+4 Slay+3}
   (You acquired it on level 6 of the Lair of Beasts)

   [ring of wizardry]

   It improves your spell success rate.
   Int:       It affects your intelligence (+4).
   Slay:      It affects your accuracy & damage with ranged weapons and melee
   (+3).
   rElec:     It insulates you from electricity.
   rCorr:     It protects you from acid and corrosion.
 R - the ring of Obajusuj (right fist) {Wiz +Blink Int+8}
   (You acquired it on level 2 of the Lair of Beasts)

   [ring of wizardry]

   It improves your spell success rate.
   Int:       It affects your intelligence (+8).
   +Blink:    It lets you blink.
Wands
 c - a wand of paralysis (11)
 u - a wand of flame (98)
 w - a wand of iceblast (70)
 H - a wand of digging (4)
 O - a wand of polymorph (19)
 Q - a wand of mindburst (27)
Scrolls
 d - 2 scrolls of fear
 g - a scroll of holy word
 h - 13 scrolls of teleportation
 o - 16 scrolls of identify
 r - 9 scrolls of blinking
 v - 3 scrolls of enchant weapon
 x - a scroll of fog
 A - 2 scrolls of magic mapping
Potions
 b - 11 potions of curing
 i - a potion of ambrosia
 j - 5 potions of brilliance
 k - 2 potions of cancellation
 n - 4 potions of magic
 C - 7 potions of heal wounds
 E - 4 potions of resistance
 G - 2 potions of might
 I - 2 potions of invisibility
 K - 2 potions of mutation
 M - a potion of flight


   Skills:
 + Level 12.2 Fighting
 + Level 11.4 Short Blades
 + Level 11.4 Long Blades
 + Level 11.4 Axes
 + Level 11.4 Maces & Flails
 + Level 12.2 Polearms
 + Level 11.4 Staves
 + Level 11.4 Slings
 + Level 11.4 Bows
 + Level 11.4 Crossbows
 + Level 11.4 Throwing
 + Level 11.4 Armour
 + Level 12.2 Dodging
 + Level 13.4 Stealth
 + Level 11.4 Shields
 + Level 11.4 Unarmed Combat
 + Level 11.4 Spellcasting
 + Level 9.8 Conjurations
 + Level 9.8 Hexes
 + Level 9.8 Summonings
 + Level 9.8 Necromancy
 + Level 9.8 Translocations
 + Level 9.8 Transmutations
 + Level 9.8 Fire Magic
 + Level 9.8 Ice Magic
 + Level 9.8 Air Magic
 + Level 9.8 Earth Magic
 + Level 9.8 Poison Magic
 + Level 12.3 Invocations
 + Level 11.4 Evocations


You had 12 spell levels left.
You knew the following spells:

 Your Spells              Type           Power      Damage    Failure   Level
a - Statue Form           Tmut/Erth      52%        N/A       1%          6
b - Wereblood             Tmut           78%        N/A       1%          2
c - Apportation           Tloc           100%       N/A       1%          1
d - Borgnjor's Vile Clut  Necr/Erth      39%        N/A       1%          5
e - Passwall              Tmut/Erth      65%        N/A       1%          2
f - Frozen Ramparts       Ice            100%       1d12      1%          3
g - Malign Gateway        Summ/Tloc      39%        N/A       10%         7

Your spell library contained the following spells:

 Spells                   Type           Power      Damage    Failure   Level
 Animate Skeleton         Necr           100%       N/A       1%          1
 Corona                   Hex            86%        N/A       1%          1
 Freeze                   Ice            100%       1d11      1%          1
 Shock                    Conj/Air       100%       1d9       1%          1
 Sting                    Tmut/Pois      100%       1d8       1%          1
 Summon Small Mammal      Summ           100%       N/A       1%          1
 Corpse Rot               Necr/Air       N/A        N/A       1%          2
 Poisonous Vapours        Pois/Air       100%       N/A       1%          2
 Static Discharge         Conj/Air       78%        N/A       1%          2
 Sublimation of Blood     Necr           39%        N/A       1%          2
 Ozocubu's Armour         Ice            78%        N/A       1%          3
 Portal Projectile        Hex/Tloc       100%       N/A       1%          3
 Stone Arrow              Conj/Erth      100%       3d13      1%          3
 Swiftness                Air            78%        N/A       1%          3
 Airstrike                Air            39%        N/A       1%          4
 Dispel Undead            Necr           78%        3d26      1%          4
 Fulminant Prism          Conj/Hex       39%        3d18      1%          4
 Hailstorm                Conj/Ice       78%        3d16      1%          4
 Ice Form                 Ice/Tmut       78%        N/A       1%          4
 Iskenderun's Mystic Bla  Conj/Tloc      78%        2d16      1%          4
 Leda's Liquefaction      Hex/Erth       39%        N/A       1%          4
 Sticky Flame             Conj/Fire      78%        2d9       1%          4
 Summon Lightning Spire   Summ/Air       78%        N/A       1%          4
 Alistair's Intoxication  Tmut/Pois      52%        N/A       1%          5
 Bolt of Magma            Conj/Fire/Erth 39%        4d17      1%          5
 Freezing Cloud           Conj/Ice/Air   39%        6-21      1%          5
 Lee's Rapid Deconstruct  Erth           39%        3d20*     1%          5
 Dispersal                Tloc           39%        N/A       1%          6
 Eringya's Noxious Bog    Tmut/Pois      39%        N/A       1%          6
 Haunt                    Necr/Summ      39%        N/A       10%         7
 Ozocubu's Refrigeration  Ice            39%        4d12      10%         7
 Spellforged Servitor     Conj/Summ      39%        N/A       10%         7
 Summon Hydra             Summ           39%        N/A       10%         7
 Borgnjor's Revivificati  Necr           39%        N/A       56%         8
 Death's Door             Necr           39%        N/A       100%        9
 Shatter                  Erth           39%        3d31*     100%        9


Dungeon Overview and Level Annotations

Branches:
Dungeon (15/15)            Temple (1/1) D:7            Lair (6/6) D:9
  Swamp (0/4) Lair:2        Snake (2/4) Lair:3        Slime (0/5) Lair:5
    Orc (2/2) D:10            Elf (0/3) Orc:2        Vaults (0/5) D:13
 Depths (0/5) D:15         Bailey (visited)           IceCv (visited)
Gauntlet (visited)

Altars:
Ashenzari
Cheibriados
Dithmenos
Elyvilon
Fedhas
Gozag
Hepliaklqana
Kikubaaqudgha
Makhleb
Nemelex Xobeh
Okawaru
Qazlal
Trog
Uskayaw
Vehumet
Wu Jian
Xom
Yredelemnul
Zin
The Shining One
Beogh

Shops:
D:1 ([(!=   D:5 [*!(   Orc:2 ?=[?

Annotations:
D:6 3 runed translucent doors, MoonlitKnight's ghost, novice MiBe
D:12 2 transporters, Anothat's ghost, novice GnFi
D:15 2 transporters, PaladinM's ghost, adept DsFi
Snake:2 Vashnia


Innate Abilities, Weirdness & Mutations

You are a living statue of rough stone.
Your actions are slow, but your melee attacks are powerful.
You are resistant to unholy torment.
Your maximum health is greatly increased.
You are immune to poison.
Your equipment is partially melded.
You have very sharp teeth.
Your uncanny sense of smell can sniff out nearby items.
Your experience applies equally to all skills.


Message History

The bolt freezes you.
Your eldritch tentacle slaps something!
Cheibriados thoroughly appreciates the change of pace.
Reactivating autopickup.
You feel a bit more experienced.
The naga sharpshooter shoots an arrow.
You block the arrow.
The naga sharpshooter shoots an arrow.
You block the arrow.
Unknown command.
Unknown command.
You hit Vashnia.
Vashnia is lightly wounded.
Vashnia shoots a bolt.
The bolt hits you! The bolt freezes you.
The naga sharpshooter shoots an arrow.
You block the arrow.
Vashnia shoots a bolt.
The bolt hits you!!
* * * LOW HITPOINT WARNING * * *
The bolt freezes you!
* * * LOW HITPOINT WARNING * * *
The naga sharpshooter shoots an arrow.
The arrow barely misses you.
Unknown command.
Unknown command.
Blink to where?
Press: ? - help, Dir - move target
As you read the scroll of blinking, it crumbles to dust.
Space seems to twist oddly around Vashnia.
Vashnia shoots a bolt.
The bolt hits you!
* * * LOW HITPOINT WARNING * * *
Your eldritch tentacle slaps the naga sharpshooter!!
The naga sharpshooter's magic leaks into the air.
Your eldritch tentacle closely misses the naga sharpshooter.
Space seems to twist oddly around Vashnia.
Vashnia spits poison at you. The splash of poison misses you.
The naga sharpshooter shoots an arrow.
The arrow misses you.
You feel much better.
Vashnia shoots a bolt.
You block the bolt.
Your eldritch tentacle closely misses the naga sharpshooter.
Your eldritch tentacle completely misses the naga sharpshooter.
The naga sharpshooter shoots an arrow.
The arrow hits you!
* * * LOW HITPOINT WARNING * * *
Vashnia takes aim.
Vashnia shoots a bolt.
The bolt hits you!!
You die...

....... .....).
....*─.## ......w.##
.......N)####
#.......)...##
#........)...#######
#N..................
......N.....8.......
.(..#...............
... ###.............
## ####...#......
###.#....## ########


You could see Vashnia (fast), a naga sharpshooter (ally target) and a friendly
eldritch tentacle.

Vanquished Creatures
  Rupert (Lair:6)
  An eldritch tentacle (Orc:2)
  Kirke (Lair:6)
  An orc warlord (Orc:2)
  A reaper (Gauntlet)
  A dire elephant (Lair:6)
  A white draconian (IceCv)
  A minotaur (Gauntlet)
  Snorg (D:12)
  An ettin (D:15)
  Josephine (Lair:6)
  Harold (D:8)
  2 ogre magi
  A vault guard (D:13)
  2 boulder beetles
  13 hydras
  3 naga warriors
  Erolcha (Orc:2)
  Erica (D:10)
  A rakshasa (D:13)
  2 death knights
  3 anacondas (Snake:1)
  5 centaur warriors
  11 two-headed ogres
  7 tengu warriors
  A death scarab (Gauntlet)
  4 naga sharpshooters (Snake:1)
  A shock serpent (Snake:1)
  Sonja (D:13)
  An orc high priest (Orc:2)
  A deep elf knight (Orc:2)
  A salamander mystic (Snake:2)
  A skeletal warrior (D:13)
  2 deep trolls (D:15)
  2 lindwurms (Lair:5)
  A naga ritualist (Snake:2)
  A deep elf zephyrmancer (Orc:2)
  A necromancer (D:15)
  4 oklob plants
  11 ugly things
  4 deep elf pyromancers
  2 orc knights
  11 orc sorcerers (Orc:2)
  3 mana vipers (Snake:1)
  7 cyclopes
  7 manticores
  13 black mambas
  A worldbinder (Gauntlet)
  10 elephants
  2 naga magi (Snake:1)
  2 ice statues (IceCv)
  2 gargoyles
  A torpor snail (shapeshifter) (D:13)
  A guardian serpent (D:14)
  Joseph (D:8)
  15 cane toads
  An unseen horror (D:10)
  A freezing wraith (D:13)
  9 komodo dragons
  6 rime drakes
  A tengu conjurer (D:15)
  2 kobold demonologists
  A queen bee (shapeshifter) (D:15)
  A raiju (shapeshifter) (D:13)
  9 hornets
  11 trolls
  4 slime creatures (D:13)
  3 dream sheep (Lair:6)
  15 blink frogs
  6 polar bears
  A spectral black mamba (Gauntlet)
  4 shadows
  22 spriggans
  10 wraiths
  57 yaks
  5 wyverns
  4 basilisks
  5 hogs (Lair:6)
  3 steam dragons
  Grum (D:9)
  7 vampire mosquitoes (D:13)
  2 wargs
  8 nagas
  3 acid dragons
  19 water moccasins
  11 black bears
  6 orc warriors
  10 boggarts
  A sky beast (D:7)
  53 wolves
  11 ogres
  An ogre (shapeshifter) (D:15)
  A phantom (D:10)
  9 centaurs
  4 kobold brigands
  8 gnoll sergeants (Bailey)
  17 bullfrogs
  4 scorpions
  A water moccasin skeleton (D:2)
  2 lindwurm simulacra (IceCv)
  A troll zombie (D:10)
  10 killer bees
  15 howler monkeys
  5 centaur zombies
  11 komodo dragon simulacra (IceCv)
  4 hounds
  3 jellies
  6 orc priests
  A bullfrog skeleton (D:5)
  7 gnoll shamans
  2 iguanas
  24 orc wizards
  2 killer bee zombies (D:7)
  7 ogre zombies (D:10)
  2 hound skeletons
  19 gnolls
  6 acid dragon simulacra (IceCv)
  4 adders (D:6)
  2 shadow imps (Gauntlet)
  A white imp (D:7)
  An ufetubus (D:5)
  2 steam dragon simulacra (IceCv)
  An adder skeleton (D:5)
  3 worms
  4 dart slugs
  44 orcs
  8 bats
  2 giant cockroaches
  7 goblins
  9 hobgoblins
  10 kobolds
  2 quokkas
  13 ball pythons
  3 frilled lizards
  2 goblin skeletons (D:10)
  7 goblin zombies (D:10)
  3 hobgoblin skeletons (D:10)
  4 hobgoblin zombies (D:10)
  2 orc skeletons (D:10)
  7 orc zombies (D:10)
  A quokka skeleton (D:4)
  6 rats
812 creatures vanquished.

Vanquished Creatures (collateral kills)
  Saint Roka (Orc:2)
  A naga sharpshooter (Snake:2)
  3 orc warriors (Orc:2)
  3 wolves (Lair:5)
  2 orc priests (Orc:2)
  3 orcs (Orc:2)
13 creatures vanquished.

Vanquished Creatures (others)
  5 eldritch tentacles
  Maurice (D:11)
  A human (Lair:6)
  2 orc wizards (Orc:2)
  34 fungi
  96 plants
139 creatures vanquished.

Grand Total: 964 creatures vanquished

Notes
Turn   | Place    | Note
-------+----------+-------------------------------------------
     0 | D:1      | inmateoo the Gnoll Wanderer began the quest for the Orb.
     0 | D:1      | inmateoo set off with the following items: a +2 spear, a
                  | potion of curing, a potion of lignification, a +0 robe, a
                  | +0 dagger
     0 | D:1      | Reached XP level 1. HP: 20/20 MP: 1/1
   103 | D:1      | Found Gisipraj's Jewellery Shoppe.
   161 | D:1      | Reached XP level 2. HP: 26/26 MP: 2/2
   170 | D:1      | Found Kask's Antique Weapon Emporium.
   193 | D:1      | Found a faded altar of an unknown god.
   313 | D:1      | Found Itijowu's Antique Armour Shop.
   331 | D:1      | Found Soajup's Weapon Shop.
   395 | D:1      | Found Detuseih's Distillery.
   677 | D:2      | Reached XP level 3. HP: 31/31 MP: 3/3
   755 | D:2      | Reached skill level 1 in Invocations
   773 | D:2      | Reached skill level 1 in Short Blades
   773 | D:2      | Reached skill level 1 in Long Blades
   773 | D:2      | Reached skill level 1 in Axes
   773 | D:2      | Reached skill level 1 in Maces & Flails
   773 | D:2      | Reached skill level 1 in Staves
   773 | D:2      | Reached skill level 1 in Slings
   773 | D:2      | Reached skill level 1 in Bows
   773 | D:2      | Reached skill level 1 in Crossbows
   773 | D:2      | Reached skill level 1 in Throwing
   773 | D:2      | Reached skill level 1 in Armour
   773 | D:2      | Reached skill level 1 in Shields
   773 | D:2      | Reached skill level 1 in Unarmed Combat
   773 | D:2      | Reached skill level 1 in Spellcasting
   773 | D:2      | Reached skill level 1 in Conjurations
   773 | D:2      | Reached skill level 1 in Hexes
   773 | D:2      | Reached skill level 1 in Summonings
   773 | D:2      | Reached skill level 1 in Necromancy
   773 | D:2      | Reached skill level 1 in Translocations
   773 | D:2      | Reached skill level 1 in Transmutations
   773 | D:2      | Reached skill level 1 in Fire Magic
   773 | D:2      | Reached skill level 1 in Ice Magic
   773 | D:2      | Reached skill level 1 in Air Magic
   773 | D:2      | Reached skill level 1 in Earth Magic
   773 | D:2      | Reached skill level 1 in Poison Magic
   773 | D:2      | Reached skill level 1 in Evocations
   773 | D:2      | Reached XP level 4. HP: 25/38 MP: 5/5
  1498 | D:3      | Reached XP level 5. HP: 36/43 MP: 5/7
  2423 | D:4      | Reached skill level 8 in Stealth
  2430 | D:4      | Reached XP level 6. HP: 50/50 MP: 8/8
  2439 | D:4      | Identified the +0 ring mail of Tulips {rElec Regen+ Dex+3}
  2487 | D:4      | Reached skill level 5 in Fighting
  2487 | D:4      | Reached skill level 5 in Polearms
  2487 | D:4      | Reached skill level 5 in Dodging
  2852 | D:5      | Entered Level 5 of the Dungeon
  3047 | D:5      | Found a hazy altar of Hepliaklqana.
  3111 | D:5      | Reached XP level 7. HP: 40/56 MP: 10/10
  3227 | D:5      | Found Seduozxu's Assorted Antiques.
  3227 | D:5      | Found Bolatetit's Antique Armour Emporium.
  3232 | D:5      | Found Ciob's Distillery.
  3235 | D:5      | Found Nadwyot's Antique Weapon Emporium.
  3240 | D:5      | Bought a potion of lignification for 39 gold pieces
  3342 | D:1      | Bought a faintly glowing trident for 153 gold pieces
  3342 | D:1      | Identified the +11 trident "Varaorpho" {flame, Will- Str+3
                  | Int+3 SInv} (You bought it in a shop on level 1 of the
                  | Dungeon)
  3465 | D:5      | Bought a scroll labelled RIKKIMIHOAKK for 22 gold pieces
  3465 | D:5      | Bought a scroll labelled HELETELOEN for 22 gold pieces
  3465 | D:5      | Bought a scroll labelled NOTENE FEFORO for 22 gold pieces
  3994 | D:6      | Found a runed translucent gate.
  3994 | D:6      | Found a runed translucent gate.
  4007 | D:6      | Noticed an unseen horror
  4009 | D:6      | Found a runed translucent gate.
  4010 | D:6      | Noticed MoonlitKnight's ghost (novice MiBe)
  4154 | D:6      | Learned a level 3 spell: Frozen Ramparts
  4229 | D:6      | Reached XP level 8. HP: 63/63 MP: 12/12
  4448 | D:6      | Learned a level 1 spell: Apportation
  5233 | D:7      | Found a staircase to the Ecumenical Temple.
  5248 | Temple   | Entered the Ecumenical Temple
  5284 | Temple   | Became a worshipper of Cheibriados the Contemplative
  5526 | D:8      | Noticed Harold
  5546 | D:8      | Killed Harold
  5547 | D:8      | Reached XP level 9. HP: 67/69 MP: 13/15
  5567 | D:7      | Reached skill level 9 in Stealth
  5662 | D:7      | Reached * piety under Cheibriados
  5768 | D:8      | Noticed Joseph
  5770 | D:8      | Noticed a two-headed ogre
  5782 | D:8      | Killed a two-headed ogre
  5783 | D:8      | Reached skill level 5 in Invocations
  5783 | D:8      | Reached XP level 10. HP: 42/77 MP: 15/17
  5791 | D:8      | Killed Joseph
  5943 | D:8      | Reached skill level 5 in Short Blades
  5943 | D:8      | Reached skill level 5 in Long Blades
  5943 | D:8      | Reached skill level 5 in Axes
  5943 | D:8      | Reached skill level 5 in Maces & Flails
  5943 | D:8      | Reached skill level 5 in Staves
  5943 | D:8      | Reached skill level 5 in Slings
  5943 | D:8      | Reached skill level 5 in Bows
  5943 | D:8      | Reached skill level 5 in Crossbows
  5943 | D:8      | Reached skill level 5 in Throwing
  5943 | D:8      | Reached skill level 5 in Armour
  5943 | D:8      | Reached skill level 5 in Shields
  5943 | D:8      | Reached skill level 5 in Unarmed Combat
  5943 | D:8      | Reached skill level 5 in Spellcasting
  5943 | D:8      | Reached skill level 5 in Evocations
  6063 | D:8      | Identified a scroll of acquirement
  6063 | D:8      | Acquired 1107 gold pieces
  6128 | D:5      | Bought the +3 pair of gauntlets of War {Slay+5} for 1045
                  | gold pieces
  6128 | D:5      | Found the +3 pair of gauntlets of War {Slay+5}
  6128 | D:5      | Bought a scroll of blinking for 165 gold pieces
  6128 | D:5      | Bought a scroll of identify for 44 gold pieces
  6128 | D:5      | Bought a lumpy inky potion for 19 gold pieces
  6135 | D:5      | Bought a potion of heal wounds for 65 gold pieces
  6280 | D:9      | Noticed a kobold demonologist
  6292 | D:9      | Killed a kobold demonologist
  6385 | D:9      | Identified the +3 buckler "Camie" {rN+ rCorr}
  6407 | D:9      | Noticed Grum
  6413 | D:9      | Reached ** piety under Cheibriados
  6534 | D:9      | Killed Grum
  6698 | D:9      | Identified the +1 scale mail of the Turtle {+Blink}
  6718 | D:9      | Noticed a death knight
  6951 | D:9      | Found a staircase to the Lair.
  7125 | D:9      | HP: 3/79 [death knight (26)]
  7133 | D:9      | Killed a death knight
  7297 | D:9      | Noticed a manticore
  7313 | D:9      | Killed a manticore
  7314 | D:9      | Reached XP level 11. HP: 74/84 MP: 19/19
  7486 | D:10     | Entered Level 10 of the Dungeon
  7527 | D:10     | Reached *** piety under Cheibriados
  7551 | D:10     | Reached skill level 5 in Conjurations
  7551 | D:10     | Reached skill level 5 in Hexes
  7551 | D:10     | Reached skill level 5 in Summonings
  7551 | D:10     | Reached skill level 5 in Necromancy
  7551 | D:10     | Reached skill level 5 in Translocations
  7551 | D:10     | Reached skill level 5 in Transmutations
  7551 | D:10     | Reached skill level 5 in Fire Magic
  7551 | D:10     | Reached skill level 5 in Ice Magic
  7551 | D:10     | Reached skill level 5 in Air Magic
  7551 | D:10     | Reached skill level 5 in Earth Magic
  7551 | D:10     | Reached skill level 5 in Poison Magic
  7583 | D:10     | Found a flagged portal.
  7606 | Bailey   | Entered a bailey
  7748 | Bailey   | Reached **** piety under Cheibriados
  7752 | Bailey   | Reached skill level 10 in Stealth
  8172 | D:10     | Noticed Erica
  8181 | D:10     | Killed Erica
  8244 | D:10     | Found a staircase to the Orcish Mines.
  8310 | D:10     | Reached ***** piety under Cheibriados
  8666 | D:11     | Acquired the +0 hat of Aclyufen {rF+ rC+ Int-2}
  8799 | D:11     | Noticed a two-headed ogre
  8806 | D:11     | Killed a two-headed ogre
  8845 | D:11     | Noticed a two-headed ogre
  8854 | D:11     | Killed a two-headed ogre
  8855 | D:11     | Reached XP level 12. HP: 94/94 MP: 22/22
  8991 | D:11     | Noticed Maurice
  9080 | D:11     | Killed Maurice
  9096 | D:11     | Acquired 842 gold pieces
  9289 | D:12     | Noticed Snorg
  9299 | D:12     | Killed Snorg
  9320 | D:12     | Noticed a seven-headed hydra
  9326 | D:12     | Killed a seven-headed hydra
  9413 | D:12     | Learned a level 5 spell: Borgnjor's Vile Clutch
  9453 | D:12     | Identified the ring "Tengou" {Fly Int+3}
  9607 | D:12     | Found a transporter.
  9608 | D:12     | Found a transporter.
  9608 | D:12     | Noticed a two-headed ogre
  9608 | D:12     | Noticed Anothat's ghost (novice GnFi)
  9612 | D:12     | Noticed a two-headed ogre
  9614 | D:12     | Identified the +10 dire flail of Fate {vamp, rElec}
  9614 | D:12     | Noticed a two-headed ogre
  9616 | D:12     | Noticed a two-headed ogre
 10116 | D:13     | Noticed a four-headed hydra
 10123 | D:13     | Killed a four-headed hydra
 10197 | D:13     | Noticed a centaur warrior
 10198 | D:13     | Noticed a rakshasa
 10200 | D:13     | Killed a centaur warrior
 10201 | D:13     | Noticed a centaur warrior
 10205 | D:13     | Killed a rakshasa
 10210 | D:13     | Killed a centaur warrior
 10210 | D:13     | Noticed a tengu warrior
 10210 | D:13     | Noticed a two-headed ogre
 10211 | D:13     | Reached XP level 13. HP: 82/101 MP: 24/24
 10224 | D:13     | Reached skill level 11 in Stealth
 10235 | D:13     | Reached ****** piety under Cheibriados
 10421 | D:13     | Noticed Sonja
 10426 | D:13     | Killed Sonja
 10726 | D:13     | Found a gate to the Vaults.
 10726 | D:13     | Noticed a vault guard
 10735 | D:13     | Killed a vault guard
 10994 | D:13     | Identified the +3 buckler of Sunlight {rF+ Int-4 Slay+3
                  | Stlth+}
 11202 | D:13     | Identified the +1 robe of the Dozen Towns {Regen+ MP-9
                  | Stlth+}
 11365 | D:13     | Reached XP level 14. HP: 109/109 MP: 26/26
 11551 | D:14     | You fall into a shaft and drop 1 floor!
 11551 | D:15     | Entered Level 15 of the Dungeon
 11588 | D:15     | Learned a level 6 spell: Statue Form
 11605 | D:15     | Reached skill level 10 in Fighting
 11605 | D:15     | Reached skill level 10 in Polearms
 11605 | D:15     | Reached skill level 10 in Dodging
 11638 | D:15     | Found a gate leading to a gauntlet.
 11647 | Gauntlet | Entered a Gauntlet
 11647 | Gauntlet | Found a transporter.
 11647 | Gauntlet | Found a transporter.
 11647 | Gauntlet | Found a transporter.
 11658 | Gauntlet | Found a transporter.
 11660 | Gauntlet | Found a transporter.
 11671 | Gauntlet | Found a transporter.
 11671 | Gauntlet | Found a transporter.
 11677 | Gauntlet | Found a runed translucent gate.
 11677 | Gauntlet | Found a runed translucent gate.
 11677 | Gauntlet | Found a runed translucent gate.
 11679 | Gauntlet | Found a transporter.
 11696 | Gauntlet | Noticed a reaper
 11697 | Gauntlet | Found a transporter.
 11703 | Gauntlet | Found a transporter.
 11705 | Gauntlet | Found a transporter.
 11715 | Gauntlet | Found a transporter.
 11850 | Gauntlet | Killed a reaper
 12051 | Gauntlet | Identified the +0 crystal plate armour of Makhleb's Favour
                  | {rN++ Int-3 Dex+5}
 12051 | Gauntlet | Identified the amulet of Benevolence {Acrobat rPois Will-
                  | Int+3 Slay+3}
 12075 | Gauntlet | Got the Volume of Moulding
 12084 | Gauntlet | Identified the +8 short sword of the Sun {venom, +Blink
                  | SInv}
 12085 | Gauntlet | Got the Catalogue of the Traveller
 12270 | D:15     | Reached skill level 10 in Invocations
 12372 | D:15     | Noticed PaladinM's ghost (adept DsFi)
 12373 | D:15     | Found a bloodstained altar of Trog.
 12384 | D:15     | Noticed an orc warlord
 12389 | D:15     | Found a transporter.
 12406 | D:15     | Found a transporter.
 12451 | D:15     | Found a staircase to the Depths.
 12485 | D:15     | Found a white marble altar of Elyvilon.
 12946 | D:14     | Reached skill level 12 in Stealth
 12963 | D:14     | Identified the ring "Voul" {Fly rC+ rN+ Dex+4}
 13383 | D:14     | Found an opulent altar of Gozag.
 13572 | Lair:1   | Entered Level 1 of the Lair of Beasts
 13672 | Lair:1   | Found a frozen archway.
 13693 | IceCv    | Entered an ice cave
 13883 | IceCv    | Learned a level 2 spell: Passwall
 13886 | IceCv    | Learned a level 2 spell: Wereblood
 13909 | IceCv    | Noticed a white draconian
 13913 | IceCv    | Reached XP level 15. HP: 117/117 MP: 25/28
 13929 | IceCv    | Found the necklace of Bloodlust {*Rage +Rage Will++ Int-3
                  | Slay+6}
 13974 | IceCv    | Identified the ring of Jagaps {rF+ SInv}
 14569 | Lair:1   | Found a shimmering altar of Xom.
 14745 | Lair:1   | Found a transporter.
 14750 | Lair:1   | Found a transporter.
 15626 | Lair:2   | Found a stormy altar of Qazlal.
 15780 | Lair:2   | Reached skill level 10 in Short Blades
 15780 | Lair:2   | Reached skill level 10 in Long Blades
 15780 | Lair:2   | Reached skill level 10 in Axes
 15780 | Lair:2   | Reached skill level 10 in Maces & Flails
 15780 | Lair:2   | Reached skill level 10 in Staves
 15780 | Lair:2   | Reached skill level 10 in Slings
 15780 | Lair:2   | Reached skill level 10 in Bows
 15780 | Lair:2   | Reached skill level 10 in Crossbows
 15780 | Lair:2   | Reached skill level 10 in Throwing
 15780 | Lair:2   | Reached skill level 10 in Armour
 15780 | Lair:2   | Reached skill level 10 in Shields
 15780 | Lair:2   | Reached skill level 10 in Unarmed Combat
 15780 | Lair:2   | Reached skill level 10 in Spellcasting
 15780 | Lair:2   | Reached skill level 10 in Evocations
 15795 | Lair:2   | Found a staircase to the Swamp.
 15917 | Lair:2   | Acquired the ring of Obajusuj {Wiz +Blink Int+8}
 15933 | Lair:2   | Learned a level 7 spell: Malign Gateway
 16197 | Lair:3   | Identified the +0 robe "Icso" {+Inv Str+3}
 16238 | Lair:3   | Found a staircase to the Snake Pit.
 16612 | Lair:3   | Found a blossoming altar of Fedhas.
 17060 | Lair:4   | Got Borgnjor's Papyrus of Unholy Secrets
 18325 | Lair:5   | Got Sif Muna's Grimoire of the Entourage
 18671 | Lair:5   | Found a staircase to the Slime Pits.
 18743 | Lair:6   | Entered Level 6 of the Lair of Beasts
 18746 | Lair:6   | Reached XP level 16. HP: 125/125 MP: 30/30
 18751 | Lair:6   | Noticed Josephine
 18762 | Lair:6   | Killed Josephine
 19274 | Lair:6   | Noticed Kirke
 19277 | Lair:6   | Noticed Rupert
 19363 | Lair:6   | Killed Rupert
 19378 | Lair:6   | Reached skill level 13 in Stealth
 19383 | Lair:6   | Killed Kirke
 19856 | Lair:6   | Acquired the ring "Uwkivveg" {Wiz rElec rCorr Int+4 Slay+3}
 20036 | Orc:1    | Entered Level 1 of the Orcish Mines
 20192 | Orc:2    | Entered Level 2 of the Orcish Mines
 20290 | Orc:2    | Found a staircase to the Elven Halls.
 20398 | Orc:2    | Paralysed by an orc sorcerer for 5 turns
 20425 | Orc:2    | Identified the +6 chain mail "Tugefitow" {Dex+2}
 20696 | Orc:2    | Found Xicwyishye's Magic Scroll Shoppe.
 20722 | Orc:2    | Bought a scroll of teleportation for 45 gold pieces
 20722 | Orc:2    | Bought a scroll of teleportation for 45 gold pieces
 20722 | Orc:2    | Bought a scroll of teleportation for 45 gold pieces
 20722 | Orc:2    | Bought a scroll of teleportation for 45 gold pieces
 20722 | Orc:2    | Bought a scroll of teleportation for 45 gold pieces
 20722 | Orc:2    | Bought a scroll of silence for 112 gold pieces
 20738 | Orc:2    | Found an ancient bone altar of Kikubaaqudgha.
 20770 | Orc:2    | Found Melo's Jewellery Emporium.
 20781 | Orc:2    | Bought an amulet of regeneration for 420 gold pieces
 20782 | Orc:2    | Noticed Erolcha
 20787 | Orc:2    | Killed Erolcha
 20800 | Orc:2    | Found a radiant altar of Vehumet.
 20849 | Orc:2    | Found Jotigeux's Magic Scroll Shoppe.
 20861 | Orc:2    | Found Ziweahoa's Antique Armour Emporium.
 20874 | Orc:2    | Bought a scroll of teleportation for 48 gold pieces
 20888 | Orc:2    | Bought a pair of runed boots for 270 gold pieces
 21049 | Orc:2    | Noticed Saint Roka
 21057 | Orc:2    | Reached XP level 17. HP: 127/133 MP: 18/32
 21061 | Orc:2    | Killed Saint Roka
 21413 | Snake:1  | Entered Level 1 of the Snake Pit
 22274 | Snake:2  | Noticed Vashnia
 22290 | Snake:2  | HP: 7/172 [Vashnia/bolt (8)]
 22291 | Snake:2  | Shot with a bolt by Vashnia

Illustrated notes

Levels and vault maps discovered:
D:1:      dpeg_arrival_water_temple_mockup, layout_loops_ring,
          hellmonk_ecumenical_altar_heavens_door, serial_shops, shop_statue,
          shop, nicolae_square_shop, shop,
          nicolae_shop_competitors_out_of_business
D:2:      layout_basic
D:3:      cheibrodos_pilgrimage, layout_basic
D:4:      layout_cave_pools
D:5:      layout_cave_pods, nicolae_hepliaklqana_hazy_memory,
          minmay_shop_grid_forest, kennysheep_generic_room_6
D:6:      layout_basic, gammafunk_ghost_split, hex_tiny, lexackson_kobold_supper
D:7:      layout_basic, minmay_temple_entry_drinking_statues,
          serial_co_window_serial, co_window_paths_b, co_window_paths_b,
          co_window_of_opportunity_a, co_window_paths_a,
          co_window_of_opportunity_a, co_window_cross_1, co_window_2corner,
          co_window_corner_ca, co_window_corner_cb, glass_columns_a,
          glass_columns_a, glass_columns_a, glass_columns_c, glass_columns_b,
          grunt_ogre_cave, kennysheep_generic_room_9
D:8:      layout_rooms, uniq_harold, uniq_joseph
D:9:      layout_stronghold, lair_entry_dummy, minmay_checkerbox, uniq_grum
D:10:     layout_long_grid, zombieorc2_lemuel, enter_bailey_4, uniq_erica
D:11:     layout_rooms, uniq_maurice
D:12:     layout_stronghold, gammafunk_ghost_smash, uniq_snorg
D:13:     minmay_the_grid_octo_tiled_octocenter_mashed
          [minmay_the_grid_octo_odd_swirl, minmay_the_grid_octo_empty,
          minmay_the_grid_octo_clover_2, minmay_the_grid_octo_fan_narrow,
          minmay_the_grid_octo_prize_square_snowflake,
          minmay_the_grid_square_5x5_gyroscope,
          minmay_the_grid_square_5x5_sharp_hourglass,
          minmay_the_grid_square_5x5_shrine1, minmay_the_grid_square_5x5_eight],
          layout_loops_corners, david_vaults_5, kennysheep_kite_vault,
          uniq_sonja
D:14:     layout_basic, nicolae_gozag_cash_rules_everything_around_me,
          nrook_guardian_serpent_double
D:15:     hangedman_depths_entry_civil_slaughter, layout_irregular_city,
          serial_park_square2, gammafunk_ghost_wrathful_warriors,
          gauntlet_entry_generic, elyvilon_altar_5
Temple:   dpeg_three_leaves_temple
Lair:1:   gammafunk_boulding_lane, layout_layer_cave,
          portal_ice_cave_entry_pillars_1, basic_altar, lemuel_fruit_tree
Lair:2:   layout_roguey, swamp_mist, basic_altar
Lair:3:   layout_loops_ring, minmay_snake_entry_guardpost_small, serial_forest,
          infiniplex_forest_straight_2, infiniplex_forest_clump_double,
          infiniplex_forest_lined_room_, infiniplex_forest_lined_2,
          infiniplex_forest_straight_3, infiniplex_forest_clump_tiny,
          infiniplex_forest_lined_1, infiniplex_forest_split,
          hangedman_tree_tricks
Lair:4:   kb_forest_paths, layout_layer_cave, infiniplex_staircase_pool_2,
          serial_bayou_shore_b
Lair:5:   cheibrodos_lair_overgrown_chateau, layout_regular_city,
          minmay_slime_entry_oklob_open, wad_woods_road_02, beast_lair_carwin_6
Lair:6:   minmay_lair_end_enchanted_forest, layout_regular_city, st_stairs_13,
          uniq_kirke, uniq_rupert, uniq_josephine
Snake:1:  layout_grid_maze
Snake:2:  layout_grid_shapes, serial_shops, nicolae_shop_stone,
          minmay_shoptagon, serial_bayou_shore_a, uniq_vashnia
Orc:1:    layout_caves, basic_altar, uniq_gastronok, uniq_fannar
Orc:2:    kennysheep_orc_mage_school, layout_caves, elf_legates,
          uniq_saint_roka, uniq_erolcha

Skill      XL: |  1  2  3  4  5  6  7  8  9 10 11 12 13 14 15 16 |
---------------+-------------------------------------------------+-----
Invocations    | 1 2 3 4 5 6 7 8 9 10 11 12 | 12.3
Short Blades   | 1 2 4 5 6 7 8 9 10 11 | 11.4
Long Blades    | 1 2 4 5 6 7 8 9 10 11 | 11.4
Axes           | 1 2 4 5 6 7 8 9 10 11 | 11.4
Maces & Flails | 1 2 4 5 6 7 8 9 10 11 | 11.4
Staves         | 1 2 4 5 6 7 8 9 10 11 | 11.4
Slings         | 1 2 4 5 6 7 8 9 10 11 | 11.4
Bows           | 1 2 4 5 6 7 8 9 10 11 | 11.4
Crossbows      | 1 2 4 5 6 7 8 9 10 11 | 11.4
Throwing       | 1 2 4 5 6 7 8 9 10 11 | 11.4
Armour         | 1 2 4 5 6 7 8 9 10 11 | 11.4
Shields        | 1 2 4 5 6 7 8 9 10 11 | 11.4
Unarmed Combat | 1 2 4 5 6 7 8 9 10 11 | 11.4
Spellcasting   | 1 2 4 5 6 7 8 9 10 11 | 11.4
Conjurations   | 1 2 3 4 5 6 7 8 9 |  9.8
Hexes          | 1 2 3 4 5 6 7 8 9 |  9.8
Summonings     | 1 2 3 4 5 6 7 8 9 |  9.8
Necromancy     | 1 2 3 4 5 6 7 8 9 |  9.8
Translocations | 1 2 3 4 5 6 7 8 9 |  9.8
Transmutations | 1 2 3 4 5 6 7 8 9 |  9.8
Fire Magic     | 1 2 3 4 5 6 7 8 9 |  9.8
Ice Magic      | 1 2 3 4 5 6 7 8 9 |  9.8
Air Magic      | 1 2 3 4 5 6 7 8 9 |  9.8
Earth Magic    | 1 2 3 4 5 6 7 8 9 |  9.8
Poison Magic   | 1 2 3 4 5 6 7 8 9 |  9.8
Evocations     | 1 2 4 5 6 7 8 9 10 11 | 11.4
Stealth        | 8 9 10 11 12 13 | 13.4
Fighting       | 5 6 7 8 9 10 11 12 | 12.2
Polearms       | 5 6 7 8 9 10 11 12 | 12.2
Dodging        | 5 6 7 8 9 10 11 12 | 12.2

Action                   |  1- 3 |  4- 6 |  7- 9 | 10-12 | 13-15 | 16-18 || total
-------------------------+-------+-------+-------+-------+-------+-------++-------
Melee: Spear             |    67 |    48 |       |       |       |       ||   115
       Bite              |     2 |     9 |    13 |    66 |   161 |   103 ||   354
       Unarmed           |       |     5 |       |       |       |   260 ||   265
       Dagger            |       |    99 |     7 |       |       |       ||   106
       Trident           |       |       |   131 |   434 |   823 |   289 ||  1677
Throw: Throwing net      |       |       |     2 |     2 |       |       ||     4
 Cast: Borgnjor's Vile C |       |       |       |     1 |       |       ||     1
       Statue Form       |       |       |       |       |     2 |    22 ||    24
       Wereblood         |       |       |       |       |     1 |    21 ||    22
       Apportation       |       |       |       |       |     1 |       ||     1
       Malign Gateway    |       |       |       |       |     2 |     5 ||     7
Invok: Slouch            |       |       |       |       |     3 |       ||     3
       Temporal Distorti |       |       |       |       |       |     1 ||     1
Evoke: Wand              |       |       |       |     3 |    24 |       ||    27
  Use: Scroll            |       |     6 |     7 |    11 |     9 |     7 ||    40
       Potion            |       |     1 |       |     2 |       |     1 ||     4
 Stab: Sleeping          |    15 |    16 |    15 |    16 |    47 |     4 ||   113
       Distracted        |       |     1 |       |     5 |     8 |     6 ||    20
       Held in net/web   |       |       |     3 |     2 |       |       ||     5
       Paralysed         |       |       |       |       |     2 |       ||     2
       Betrayed ally     |       |       |       |       |       |     1 ||     1
Armor: Robe              |     7 |     6 |       |       |       |       ||    13
       Skin              |       |     3 |       |       |     7 |   107 ||   117
       Ring mail         |       |    20 |    55 |    85 |    97 |    24 ||   281
Dodge: Dodged            |    19 |    52 |   126 |   242 |   330 |   583 ||  1352
Block: Buckler           |       |    14 |    59 |   181 |   456 |   601 ||  1311
       Reflection        |       |       |       |       |    24 |     2 ||    26
